 Dungeon Crawl Stone Soup version 0.26-a0-597-gb535b0901c (webtiles) character file.

Game seed: 1451298898384381068

5032 uristmcdimsum the Cleaver (level 10, -12/91 HPs)
             Began as a Hill Orc Fighter on Sept 6, 2020.
             Was a Believer of Beogh.
             Killed from afar by Erica (21 damage)
             ... with a lance of force
             ... on level 8 of the Dungeon.
             The game lasted 00:15:32 (9933 turns).

uristmcdimsum the Cleaver (Hill Orc Fighter)        Turns: 9933, Time: 00:15:33

Health: -12/91     AC: 19    Str: 23    XL:     10   Next: 55%
Magic:  0/10       EV:  3    Int: 11    God:    Beogh [**....]
Gold:   371        SH: 16    Dex: 10    Spells: 9/9 levels left

rFire    . . .     SeeInvis .   a - +1 war axe
rCold    . . .     Faith    .   N - +0 tower shield
rNeg     . . .     Spirit   +   p - +0 plate armour
rPois    .         Reflect  .   w - +2 helmet {Int+3}
rElec    .         Harm     .   m - scarf {repulsion}
rCorr    .                      (no gloves)
MR       .....                  F - +1 pair of boots
Stlth    ..........             k - amulet of guardian spirit
HPRegen  0.25/turn              (no ring)
MPRegen  0.12/turn              (no ring)

@: repel missiles
A: no striking features
a: Smiting, Renounce Religion


You were on level 8 of the Dungeon.
You worshipped Beogh.
Beogh was pleased with you.
You visited 2 branches of the dungeon, and saw 10 of its levels.

You collected 371 gold pieces.

Inventory:

Hand Weapons
 a - a +1 war axe (weapon)
Missiles
 b - 51 poisoned darts
 e - 226 stones (quivered)
 i - 2 silver javelins
 l - a throwing net
 t - 10 boomerangs
 J - 16 sling bullets
Armour
 m - a scarf of repulsion (worn)
 o - a +2 leather armour of poison resistance
 p - a +0 plate armour (worn)
 w - a +2 helmet of intelligence (worn)
 F - a +1 pair of boots (worn)
 N - a +0 tower shield (worn)
Jewellery
 k - an amulet of guardian spirit (around neck)
 z - an uncursed ring of fire
Wands
 u - a wand of iceblast (14)
 y - a wand of flame (17)
 B - a wand of disintegration (14)
 G - a wand of random effects (12)
 H - a wand of digging (11)
Scrolls
 f - 2 scrolls of teleportation
 h - 4 scrolls of remove curse
 n - a scroll of fear
 A - 5 scrolls of identify
 D - 2 scrolls of enchant armour
 E - a scroll of enchant weapon
 K - 2 scrolls of random uselessness {unknown}
 L - a scroll of magic mapping
 M - a scroll of amnesia {unknown}
Potions
 d - 2 potions of might
 g - a potion of cancellation {unknown}
 j - 3 potions of heal wounds
 q - a potion of ambrosia {unknown}
 r - 2 potions of stabbing {unknown}
 s - a potion of resistance
 v - 5 potions of curing {unknown}
 x - a potion of mutation {unknown}
 C - a potion of lignification {unknown}
 I - a potion of haste {unknown}


   Skills:
 + Level 9.0 Fighting
 * Level 12.5 Axes
 + Level 8.2 Armour
 + Level 8.2 Shields


You had 9 spell levels left.
You didn't know any spells.
Your spell library was empty.

Dungeon Overview and Level Annotations

Branches:
Dungeon (9/15)             Temple (1/1) D:5
   Lair: D:8-11         Orc: D:9-12

Altars:
Ashenzari
Cheibriados
Elyvilon
Makhleb
Nemelex Xobeh
Qazlal
Sif Muna
Trog
Uskayaw
Wu Jian
Xom
Zin
The Shining One

Shops:
D:7 =

Annotations:
D:2 exclusion: downstairs
D:3 exclusions: upstairs and 4 more exclusions, Sigmund
D:4 exclusion: upstairs
D:5 1 runed translucent door, Lanoc's ghost, weakling HaDe
D:8 Erica


Message History

You block something's attack.
Deactivating autopickup; reactivate with Ctrl-A.
You block the orc's attack.
You closely miss the orc. You miss something. Something hits you.
* * * LOW HITPOINT WARNING * * *
Something burns you.
* * * LOW HITPOINT WARNING * * *
The orc hits you but does no damage.
You hit the orc. You miss something. Something hits you but does no damage.
The orc hits you but does no damage.
You slash the orc!
You kill the orc!
Beogh accepts your kill.
You closely miss something.
You hear some strange, mumbled words.
A lance of force appears from out of thin air!
The lance of force hits you!!
You die...

######### ........##############
######## ........#............#
#....... ........+............#
#....... ........#............#
#....... ........#.....##.....#
#....... ........#.....##.)...#
#....... ........'.......@....#
##....##
........#.....##{..#############.
######'##.....##...#......# #.
#..................#......# #.
#..................#......# #.
#......#########...#......# #.
#####'###.....##...#.....<######.
........#.....###(##......#...#..
........#..........#......#...#..


There were no monsters in sight!

Vanquished Creatures
  A two-headed ogre (D:8)
  Maggie (D:6)
  A hippogriff (D:9)
  A human (D:9)
  2 steam dragons (D:6)
  Menkaure (D:4)
  Edmund (D:4)
  2 ice beasts (D:8)
  5 orc warriors
  A sky beast (D:9)
  A phantom (D:6)
  An eye of draining (D:8)
  5 centaurs
  2 ogres (D:8)
  A big kobold (D:8)
  5 bullfrogs
  4 scorpions
  A bullfrog zombie (D:6)
  A centaur zombie (D:6)
  2 jellies
  5 orc priests
  7 orc wizards
  2 hounds (D:5)
  2 centaur skeletons (D:6)
  4 iguanas
  Ijyb (D:5)
  4 worker ants
  2 hound skeletons
  A worker ant zombie (D:8)
  Robin (D:3)
  A howler monkey skeleton (D:6)
  7 gnolls
  7 adders
  A shadow imp (D:6)
  3 white imps
  An ufetubus (D:5)
  5 oozes
  An adder skeleton (D:5)
  An adder zombie (D:7)
  5 worms
  3 dart slugs
  8 leopard geckos
  33 orcs
  3 ball pythons
  7 bats
  6 giant cockroaches
  15 goblins
  11 hobgoblins
  7 jackals (D:6)
  6 quokkas
  3 frilled lizards
  15 kobolds
  A leopard gecko skeleton (D:5)
  A leopard gecko zombie (D:5)
  A quokka skeleton (D:4)
  8 rats
228 creatures vanquished.

Vanquished Creatures (others)
  An orc wizard (D:4)
  An orc (D:4)
  A giant cockroach (D:4)
3 creatures vanquished.

Grand Total: 231 creatures vanquished

Notes
Turn   | Place    | Note
-------+----------+-------------------------------------------
     0 | D:1      | uristmcdimsum the Hill Orc Fighter began the quest for the
                  | Orb.
     0 | D:1      | Reached XP level 1. HP: 19/19 MP: 1/1
    44 | D:1      | Reached skill level 3 in Axes
    59 | D:1      | Reached XP level 2. HP: 27/27 MP: 2/2
   710 | D:1      | Reached XP level 3. HP: 33/33 MP: 3/3
  1317 | D:2      | Found a bloodstained altar of Trog.
  1371 | D:2      | Reached skill level 4 in Axes
  1529 | D:2      | Reached XP level 4. HP: 40/40 MP: 4/4
  2633 | D:3      | Noticed Sigmund
  2742 | D:3      | Reached XP level 5. HP: 37/47 MP: 2/5
  2912 | D:3      | Found a burning altar of Makhleb.
  3150 | D:3      | Found a shimmering blue altar of Sif Muna.
  3236 | D:3      | Reached skill level 5 in Axes
  3249 | D:3      | Noticed Robin
  3256 | D:3      | Killed Robin
  3456 | D:4      | Reached XP level 6. HP: 14/53 MP: 1/6
  4020 | D:4      | Found a sparkling altar of Nemelex Xobeh.
  4022 | D:4      | Found a shattered altar of Ashenzari.
  4034 | D:4      | Noticed Edmund
  4049 | D:4      | Killed Edmund
  4049 | D:4      | Reached skill level 5 in Fighting
  4049 | D:4      | Reached skill level 6 in Axes
  4069 | D:4      | Found a stormy altar of Qazlal.
  4354 | D:4      | Became a worshipper of Beogh the Brigand
  4360 | D:4      | Reached XP level 7. HP: 61/61 MP: 7/7
  4527 | D:4      | Noticed Menkaure
  4540 | D:4      | Killed Menkaure
  4540 | D:4      | Reached skill level 7 in Axes
  4540 | D:4      | Reached skill level 5 in Shields
  4868 | D:4      | Reached skill level 5 in Armour
  5013 | D:4      | Found a white marble altar of Elyvilon.
  5013 | D:4      | Found a glowing silver altar of Zin.
  5014 | D:4      | Found a glowing golden altar of the Shining One.
  5066 | D:4      | Found an ornate altar of the Wu Jian Council.
  5117 | D:5      | Entered Level 5 of the Dungeon
  5264 | D:5      | Noticed Ijyb
  5267 | D:5      | Found a runed translucent door.
  5274 | D:5      | Reached XP level 8. HP: 42/70 MP: 4/8
  5276 | D:5      | Killed Ijyb
  5282 | D:5      | Reached skill level 8 in Axes
  5540 | D:5      | Found a snail-covered altar of Cheibriados.
  5637 | D:5      | Found a hide-covered altar of Uskayaw.
  5638 | D:5      | Noticed a +0 dagger
  5638 | D:5      | Noticed a +0 hand axe
  5652 | D:5      | Found a staircase to the Ecumenical Temple.
  5719 | Temple   | Entered the Ecumenical Temple
  5830 | D:5      | Noticed Lanoc's ghost (weakling HaDe)
  6105 | D:6      | Reached * piety under Beogh
  6191 | D:6      | Noticed Maggie
  6201 | D:6      | Killed Maggie
  6201 | D:6      | Reached skill level 9 in Axes
  6392 | D:6      | Reached XP level 9. HP: 65/79 MP: 9/9
  6415 | D:6      | Reached skill level 10 in Axes
  7332 | D:7      | Found Wyfuiqia's Jewellery Shop.
  7704 | D:7      | Reached ** piety under Beogh
  8246 | D:7      | Found a bloodstained altar of Trog.
  8622 | D:8      | Reached skill level 11 in Axes
  8823 | D:8      | Found a shimmering altar of Xom.
  8938 | D:8      | Noticed a two-headed ogre
  8947 | D:8      | Killed a two-headed ogre
  8947 | D:8      | Reached XP level 10. HP: 43/90 MP: 4/10
  9391 | D:8      | Reached skill level 12 in Axes
  9910 | D:9      | Noticed Erica
  9933 | D:8      | Killed from afar by Erica

Illustrated notes

Levels and vault maps discovered:
D:1:      dpeg_arrival_rhombus, layout_basic, hangedman_decor_slide_cut
D:2:      layout_basic, lemuel_doored_altar, grunt_ministairs_12
D:3:      layout_loops_ring, bloody_makhleb, lemuel_coloured_pillars_altar,
          minmay_hedge_maze, uniq_robin, uniq_sigmund
D:4:      layout_loops_ring, good_gods_temple_1, marbit_many_paths,
          overflow_temple_1_default, chequers_temple_overflow_statue_of_worship,
          uniq_menkaure, uniq_edmund
D:5:      layout_rooms, dancing_weapons_uskayaw,
          minmay_temple_entry_antechambers, ebering_ghost_sewer_d, basic_altar,
          minmay_misc_feat_tiny, uniq_ijyb
D:6:      cheibrodos_steamvent, layout_loops_ring,
          nicolae_overflow_hidden_temple, nicolae_ossuary_entry_monument,
          uniq_maggie
D:7:      layout_basic, serial_shops, shop, trog_hazing_becter
D:8:      layout_gridville, lemuel_crystal_altar
D:9:      layout_rooms, erik_orc_4, uniq_grum, uniq_erica
Temple:   jpeg_temple_island

Skill      XL: |  1  2  3  4  5  6  7  8  9 10 |
---------------+-------------------------------+-----
Axes           | 3 4 5 6 7 9 11 12 | 12.5
Fighting       | 4 5 7 8 9 |  9.0
Armour         | 4 5 6 7 8 |  8.2
Shields        | 4 5 6 7 8 |  8.2

Action                   |  1- 3 |  4- 6 |  7- 9 | 10-12 || total
-------------------------+-------+-------+-------+-------++-------
Melee: War axe           |   107 |   191 |   377 |   102 ||   777
Invok: Convert to Beogh  |       |     1 |       |       ||     1
Evoke: Wand              |       |       |     5 |       ||     5
  Use: Scroll            |       |    10 |     1 |       ||    11
Armor: Scale mail        |    54 |     8 |       |       ||    62
       Plate armour      |       |    97 |   176 |    53 ||   326
Dodge: Dodged            |    35 |    38 |    51 |     9 ||   133
Block: Kite shield       |    60 |   102 |   294 |    37 ||   493
       Tower shield      |       |       |       |    31 ||    31

Table legend: (Time is in decaauts)
 A = Elapsed time spent in this place.
 B = Non-inter-level travel time spent in this place.
 C = Inter-level travel time spent in this place.
 D = Time resting spent in this place.
 E = Time spent auto-exploring this place.
 F = Levels seen in this place.
 G = Mean time per level.
                   A        B        C        D        E       F      G
               +--------+--------+--------+--------+--------+-----+--------+
         Total |  10079 |   9758 |    321 |   1224 |   6803 |  10 | 1007.9 |
       Dungeon |  10078 |   9757 |    321 |   1224 |   6803 |   9 | 1119.8 |
        Temple |      1 |      1 |      0 |      0 |      0 |   1 |    1.0 |
               +--------+--------+--------+--------+--------+-----+--------+

Top non-repeatable levels by time:
     D:4: 1739 daAuts
     D:8: 1426 daAuts
     D:2: 1338 daAuts
     D:7: 1242 daAuts
     D:1: 1229 daAuts
     D:6: 1212 daAuts
     D:5: 929 daAuts
     D:3: 926 daAuts
     D:9: 32 daAuts
  Temple: 1 daAuts
